 Dungeon Crawl Stone Soup version 0.13-a0-2733-g5d3b754 (webtiles) character file.

219 Gruud the Poker (level 3, -8/27 HPs)
             Began as a Djinni Warper on Aug 20, 2013.
             Mangled by an orc
             ... wielding a +0,+2 orcish falchion
              (10 damage)
             ... on Level 3 of the Dungeon.
             The game lasted 00:04:18 (1288 turns).

Gruud the Poker (Djinni Warper)                     Turns: 1288, Time: 00:04:18

HP  -8/27        AC  5     Str 11      XL: 3   Next: 78%
MP   0/0         EV 11     Int 13      God:
Gold 160         SH  0     Dex 13      Spells:  1 memorised,  5 levels left

Res.Fire  : + + +   See Invis. : .   a - +0,-1 orc trident (curse)
Res.Cold  : x . .   Warding    : .   j - +0 leather armour
Life Prot.: + + +   Conserve   : .   (no shield)
Res.Poison: .       Res.Corr.  : .   (no helmet)
Res.Elec. : .       Clarity    : .   g - +0 orc cloak
Sust.Abil.: + .     Spirit.Shd : .   l - +0 pair of elf gauntlets
Res.Mut.  : .       Stasis     : .   (boots unavailable)
Res.Rott. : .       Flight     : .   (no amulet)
Saprovore : . . .                    (no ring)
                                     i - ring of sustain abilities

@: not resistant to hostile enchantments, very unstealthy
A: fire immunity, cold vulnerability, life protection 3
a: no special abilities


You were on level 3 of the Dungeon.
You were not hungry.

You visited 1 branch of the dungeon, and saw 4 of its levels.

You collected 110 gold pieces.

Inventory:

Hand weapons
 a - a cursed +0,-1 orcish trident (weapon)
Missiles
 e - 15 darts (quivered)
 f - 10 darts of dispersal
Armour
 g - a +0 orcish cloak (worn)
 j - a +0 leather armour (worn)
 l - a +0 pair of elven gauntlets (worn)
Comestibles
 b - a bread ration
 m - a choko
Scrolls
 d - a scroll of blinking
 h - a scroll of identify
 n - a scroll of remove curse
 o - a scroll of teleportation {unknown}
Jewellery
 i - a ring of sustain abilities (left hand)
Potions
 k - a potion of porridge
Books
 c - a book of Spatial Translocations

   Spells                             Type                      Level
   *Apportation                       Translocation                1
   Portal Projectile                  Translocation                2
   Blink                              Translocation                2
   Shroud of Golubria                 Charms/Translocation         2
   Teleport Other                     Translocation                3
   Passage of Golubria                Translocation                4


   Skills:
 - Level 1.7 Fighting
 * Level 4.6 Polearms
 - Level 0.8 Throwing
 - Level 1.1 Armour
 - Level 1.7 Dodging
 - Level 2.4 Spellcasting
 - Level 3.0 Translocations


You had 5 spell levels left.
You knew the following spells:

 Your Spells              Type           Power        Failure   Level  Hunger
a - Apportation           Tloc           #.........   10%         1    #......


Dungeon Overview and Level Annotations

Branches:
Dungeon (4/27)
 Temple: D:4-7

Altars:


Innate Abilities, Weirdness & Mutations

You are immune to all types of fire, even holy and hellish.
You are vulnerable to cold.
You need no food.
You have no legs.
You are immune to negative energy.


Message History

The orc priest shouts!
A giant gecko comes into view.
The orc priest mumbles some strange prayers to Beogh against you.
Something smites you!
The giant gecko moves out of view.
The orc priest glows brightly for a moment.
The orc priest calls down the wrath of Beogh upon you.
Something smites you!
* * * LOW HITPOINT WARNING * * *
You see here a kobold corpse.
You see here a robe.
Things that are here:
a +0,+0 spear {=f}; an orcish flail; an orcish hand axe
There is a stone staircase leading up here.
You climb upwards.
The gnoll hits you but does no damage. The gnoll hits you with a club!
* * * LOW HITPOINT WARNING * * *
There is a stone staircase leading down here.
You climb downwards.
The orc hits you with an orcish falchion!
You die...

#.# ###.#### #.#
####......# #.#
#.........# #.#
#.#...^...#
####.#########.#....#'####
#>........................
#.##.#######...####.#.####
#.##.#...og#.######.#.#
#..o.#.##@........#.#.##
#.##....##.#..###.#....#
#%##.##.o).#......#....#
#.##.##%####.#.####....#
#.##.##.#.......# ##...#
#.##.......#.#..# #####
#o#####.#..#.#### #.#
#....#....# #o#
##......#.#


You could see a gnoll and an orc.

Vanquished Creatures
  An adder (D:2)
  A giant mite (D:3)
  A giant gecko (D:2)
  3 orcs (D:3)
  9 goblins
  5 hobgoblins
  7 kobolds
  A ball python (D:2)
  6 bats
  A giant newt (D:2)
  3 jackals (D:1)
  5 rats
43 creatures vanquished.

Notes
Turn   | Place    | Note
--------------------------------------------------------------
     0 | D:1      | Gruud, the Djinni Warper, began the quest for the Orb.
     0 | D:1      | Reached XP level 1. HP: 14/14 MP: 0/0
   156 | D:1      | Reached XP level 2. EP: 21/21
   753 | D:2      | Reached skill level 4 in Polearms
   753 | D:2      | Reached XP level 3. EP: 16/27
  1286 | D:2      | HP: 1/27 [gnoll/club (8)]
  1288 | D:3      | Mangled by an orc

Action                   || total
-------------------------++-------
Melee: Spear             ||   162
       Trident           ||     5
  Use: Scroll            ||     1
 Stab: Sleeping          ||     1
